 Dungeon Crawl Stone Soup version 0.24-a0-235-g3f03afcf10 (webtiles) character file.

Game seed: 115517839942188592

255 Redear the Skirmisher (level 6, -4/57 HPs)
             Began as a Naga Fighter on Apr 5, 2019.
             Splashed by a jelly's acid (6 damage)
             ... on level 4 of the Dungeon.
             The game lasted 00:06:48 (2928 turns).

Redear the Skirmisher (Naga Fighter)                Turns: 2928, Time: 00:06:49

Health: -4/57      AC: -2    Str: 18    XL:     6   Next: 15%
Magic:  6/6        EV:  7    Int: 11    God:
Gold:   128        SH:  0    Dex: 10    Spells: 5/5 levels left

rFire    . . .     SeeInvis +   a - +0 war axe
rCold    . . .     Gourm    +   (no shield)
rNeg     . . .     Faith    .   b - +0 scale mail
rPois    +         Spirit   .   (no helmet)
rElec    .         Reflect  .   (no cloak)
rCorr    .         Harm     .   (no gloves)
MR       .....                  (no barding)
Stlth    ..........             r - amulet of the gourmand {Gourm}
HPRegen  0.19/turn              (no ring)
MPRegen  0.10/turn              (no ring)

@: confused, corroded, very slow
A: large, see invisible, deformed body, poison resistance, slowness 2, slow
metabolism 1, spit poison 1, AC +2
a: Spit Poison


You were on level 4 of the Dungeon.
You were not hungry.

You visited 1 branch of the dungeon, and saw 4 of its levels.

You collected 128 gold pieces.

Inventory:

Hand Weapons
 a - a +0 war axe (weapon)
Armour
 b - a +0 scale mail (worn)
 c - a +0 shield
 d - a +0 leather armour
Jewellery
 r - an amulet of the gourmand (around neck) {Gourm}
Wands
 A - a wand of acid (1)
Scrolls
 e - 5 scrolls of teleportation {unknown}
 f - 3 scrolls of identify {unknown}
 g - a scroll of amnesia {unknown}
 i - 2 scrolls of remove curse {unknown}
 j - a scroll of fear {unknown}
 k - 2 scrolls of immolation {unknown}
 m - 2 scrolls of blinking {unknown}
 p - a scroll of random uselessness {unknown}
 q - a scroll of fog {unknown}
Potions
 n - a potion of agility {Stlth+ Dex+5 EV+5 | @q4}
 o - a potion of lignification {unknown}
 s - a potion of magic
Comestibles
 z - 2 rations


   Skills:
 + Level 4.2 Fighting
 + Level 3.4 Axes
 + Level 3.5 Armour
 + Level 3.4 Shields


You had 5 spell levels left.
You didn't know any spells.
Your spell library was empty.

Dungeon Overview and Level Annotations

Branches:
Dungeon (4/15)
 Temple: D:4-7

Altars:
Nemelex Xobeh
Uskayaw


Innate Abilities, Weirdness & Mutations

You cannot wear boots.
Your serpentine skin is tough. (AC +2)
You have supernaturally acute eyesight. (SInv)
Armour fits poorly on your strangely shaped body.
Your system is resistant to poisons. (rPois)
You cover ground very slowly.
You have a slow metabolism.
You can spit poison.


Message History

* * * LOW HITPOINT WARNING * * *
The acid corrodes you!
You are splashed with acid.
* * * LOW HITPOINT WARNING * * *
You take 9 damage, and have 5/57 hp.
It was a potion of cancellation.
Your magical effects are unravelling.
You feel magically purged.
You are no longer corroded.
The jelly barely misses you.
It was a potion of ambrosia.
You are confused.
You feel invigorated. The jelly hits you.
* * * LOW HITPOINT WARNING * * *
The acid corrodes you!
You are splashed with acid!
* * * LOW HITPOINT WARNING * * *
You take 4 damage, and have 1/57 hp.
You bump into the rock wall.
The jelly hits you.
* * * LOW HITPOINT WARNING * * *
The acid corrodes you!
You are splashed with acid.
You die...

##.######## #.# .# ##
#.# .# .###'## ..
.##...## .# .#.....##
### .# ........##
##.##a#
.........####...#J######
.........'......@.......
.........####...#.######
........## ##.##.#
##.....## ### .. ##...##
.#. ##...##### .#.#
#........# ## #
.......#.# .......#.#


You could see a jelly and a worker ant.

Vanquished Creatures
  A howler monkey (D:3)
  Ijyb (D:4)
  2 worker ants (D:4)
  3 gnolls (D:3)
  2 adders (D:3)
  3 worms
  4 dart slugs
  A leopard gecko (D:2)
  6 bats
  3 giant cockroaches
  9 goblins
  10 hobgoblins
  14 jackals
  A quokka (D:2)
  A ball python (D:1)
  3 frilled lizards
  5 kobolds
  9 rats
78 creatures vanquished.

Notes
Turn   | Place    | Note
-------+----------+-------------------------------------------
     0 | D:1      | Redear the Naga Fighter began the quest for the Orb.
     0 | D:1      | Reached XP level 1. HP: 21/21 MP: 1/1
   102 | D:1      | HP: 1/21 [hobgoblin/+0 club (3)]
   108 | D:1      | Reached XP level 2. HP: 3/28 MP: 2/2
   586 | D:1      | Reached XP level 3. HP: 20/34 MP: 3/3
  1391 | D:2      | Reached XP level 4. HP: 26/42 MP: 4/4
  1514 | D:2      | Found a hide-covered altar of Uskayaw.
  1666 | D:2      | Found a sparkling altar of Nemelex Xobeh.
  1887 | D:3      | Reached skill level 3 in Armour
  1927 | D:3      | Reached skill level 3 in Shields
  2162 | D:3      | Reached skill level 3 in Axes
  2162 | D:3      | Reached XP level 5. HP: 29/50 MP: 5/5
  2563 | D:3      | Reached skill level 4 in Fighting
  2636 | D:4      | Noticed Ijyb
  2773 | D:4      | Reached XP level 6. HP: 45/57 MP: 6/6
  2849 | D:4      | Killed Ijyb
  2925 | D:4      | HP: 5/57 [acid (6)]
  2927 | D:4      | HP: 1/57 [acid (8)]
  2928 | D:4      | Splashed by a jelly's acid

Levels and vault maps discovered:
D:1:      minmay_arrival_checkered_box, layout_basic
D:2:      layout_loops_ring, lemuel_doored_altar, nemelex_lonely_heart_becter
D:3:      layout_basic
D:4:      layout_loops_corners, nicolae_dithmenos_through_a_glass_darkly,
          nicolae_overflow_hidden_temple, first_ration, uniq_menkaure,
          uniq_ijyb, uniq_pikel

Skill      XL: |  1  2  3  4  5 |
---------------+----------------+-----
Armour         | 3 |  3.5
Shields        | 3 |  3.4
Axes           | 3 |  3.4
Fighting       | 4 |  4.2

Action                   |  1- 3 |  4- 6 || total
-------------------------+-------+-------++-------
Melee: War axe           |   142 |   125 ||   267
 Abil: Spit Poison       |       |     2 ||     2
Evoke: Wand              |       |     1 ||     1
  Use: Potion            |       |     5 ||     5
  Eat: Chunk             |       |     8 ||     8
Armor: Scale mail        |    75 |    63 ||   138
Dodge: Dodged            |    78 |    63 ||   141

Table legend:
 A = Non-vault XP
 B = Vault XP
 C = Vault XP percentage of total XP
 D = Non-vault monster count
 E = Vault monster count
 F = Vault count percentage of total count
                 A         B        C        D         E       F
            +---------+---------+-------+---------+---------+-------
      Total |     329 |      36 |   9.9 |      77 |       1 |   1.3
            +---------+---------+-------+---------+---------+-------
        D:1 |      47 |       0 |   0.0 |      26 |       0 |   0.0
        D:2 |      47 |       0 |   0.0 |      24 |       0 |   0.0
        D:3 |     163 |       0 |   0.0 |      24 |       0 |   0.0
        D:4 |      72 |      36 |  33.3 |       3 |       1 |  25.0
            +---------+---------+-------+---------+---------+-------
